 Dungeon Crawl Stone Soup version 0.32-a0-928-g1cae6b7ea0 (webtiles) character file.

Game seed: 13409842569473544742

303 zazu2006 the Ducker (level 6, 0/44 HPs)
             Began as a Gnoll Wanderer on Apr 12, 2024.
             Slain by Eustachio
             ... wielding a +0 rapier
              (3 damage)
             ... on level 3 of the Dungeon.
             The game lasted 00:06:24 (1236 turns).

zazu2006 the Ducker (Gnoll Wanderer)                Turns: 1236, Time: 00:06:24

Health: 0/44       AC:  4    Str: 14    XL:     6   Next: 38%
Magic:  9/9        EV: 14    Int: 12    God:
Gold:   191        SH:  0    Dex: 16    Spells: 9/9 levels left

rFire   . . .        a - +0 long sword
rCold   . . .        (no shield)
rNeg    . . .        i - +0 leather armour
rPois   .            (no helmet)
rElec   .            n - +0 cloak
rCorr   .            (no gloves)
SInv    .            (no boots)
Will    .....        (no amulet)
Stlth   ++           g - +6 ring of strength
HPRegen 0.27/turn    (no ring)
MPRegen 0.11/turn

%: no passive effects
@: no status effects
A: fangs 1, strong nose, distributed training
a: no special abilities


You were on level 3 of the Dungeon.
You visited 1 branch of the dungeon, and saw 4 of its levels.

You collected 191 gold pieces.

Inventory:

Hand Weapons
 a - a +0 long sword (weapon)
Missiles
 f - 6 boomerangs (quivered)
Armour
 i - a +0 leather armour (worn)
 n - a +0 cloak (worn)
Jewellery
 g - a +6 ring of strength (left hand)
 t - an amulet of faith
Scrolls
 h - a scroll of revelation {unknown}
 j - a scroll of butterflies
 m - 2 scrolls of teleportation {unknown}
 o - a scroll of brand weapon {unknown}
 s - a scroll of immolation
Potions
 d - a potion of attraction


   Skills:
 + Level 2.0 Fighting
 + Level 2.0 Short Blades
 + Level 5.0 Long Blades
 + Level 2.0 Axes
 + Level 2.0 Maces & Flails
 + Level 2.0 Polearms
 + Level 6.8 Staves
 + Level 2.0 Ranged Weapons
 + Level 2.0 Throwing
 + Level 2.0 Armour
 + Level 6.8 Dodging
 + Level 2.0 Stealth
 + Level 2.0 Shields
 + Level 2.0 Unarmed Combat
 + Level 2.0 Spellcasting
 + Level 1.6 Conjurations
 + Level 1.6 Hexes
 + Level 1.6 Summonings
 + Level 1.6 Necromancy
 + Level 1.6 Translocations
 + Level 1.6 Fire Magic
 + Level 1.6 Ice Magic
 + Level 1.6 Air Magic
 + Level 1.6 Earth Magic
 + Level 1.6 Alchemy
 + Level 2.2 Invocations
 + Level 5.0 Evocations
 + Level 1.8 Shapeshifting


You had 9 spell levels left.
You didn't know any spells.
Your spell library contained the following spells:

 Spells                   Type           Power      Damage    Failure   Level
 Tukima's Dance           Hex            5%         N/A       45%         3
 Anguish                  Hex/Necr       2%         N/A       86%         4
 Cause Fear               Hex            2%         N/A       86%         4
 Passage of Golubria      Tloc           5%         N/A       86%         4
 Yara's Violent Unravell  Hex/Alch       2%         3d3       99%         5
 Enfeeble                 Hex            2%         N/A       100%        7


Dungeon Overview and Level Annotations

Branches:
Dungeon (4/15)
 Temple: D:4-7

Altars:
Dithmenos
Gozag

Annotations:
D:3 Eustachio
D:4 Edmund


Innate Abilities, Weirdness & Mutations

You have very sharp teeth.
Your uncanny sense of smell can sniff out nearby items.
Your experience applies equally to all skills.


Message History

Eustachio hits you with a +0 rapier.
* * * LOW HITPOINT WARNING * * *
The bat misses you. The bat completely misses you.
Eustachio attacks as he pursues you! Eustachio barely misses you.
The quasit bites you but does no damage.
The quasit claws you.
* * * LOW HITPOINT WARNING * * *
The quasit misses you. The bat hits you but does no damage.
The quasit attacks as it pursues you! The quasit bites you.
* * * LOW HITPOINT WARNING * * *
The quasit claws you but does no damage. x2
The bat hits you but does no damage. The quasit misses you.
The quasit claws you but does no damage.
The quasit completely misses you. Eustachio attacks as he pursues you!
Eustachio hits you with a +0 rapier!
* * * LOW HITPOINT WARNING * * *
There is a stone staircase leading up, spattered with blood here.
The bat misses you. The quasit barely misses you.
The quasit closely misses you.
The quasit claws you but does no damage.
You climb upwards.
The quokka disappears in a puff of smoke!
The quasit disappears in a puff of smoke!
The bat disappears in a puff of smoke!
There is a stone staircase leading down here.
You feel better. Eustachio closely misses you.
You slash Eustachio!
Eustachio is heavily wounded.
Eustachio hits you with a +0 rapier!
* * * LOW HITPOINT WARNING * * *
Eustachio mumbles some strange words.
Unknown command.
You completely miss Eustachio.
Eustachio is heavily wounded.
The ufetubus closely misses you. x2
The white imp hits you but does no damage.
Eustachio hits you with a +0 rapier.
You die...
Eustachio twirls his moustache.

#.....)......'..........#
#....._ß_....####......###
#........................#
##.......................+
#.......................###.
#..................<.......
##.......................#
#...........5......#....#. .
#....#.....@.......#...# . .
#....###..@5...........+ .#.
#......................# #..
.......5..............# #..
######..................###..
#..........#..........†......
#....................#.......
#............................
#.......))..................


You could see Eustachio, an iron imp (summoned), a white imp (summoned) and an
ufetubus (summoned).

Vanquished Creatures
  A phantom (D:4)
  2 hounds (D:4)
  An orc priest (D:4)
  Natasha (D:4)
  An orc wizard (D:3)
  2 adders
  A dart slug (D:1)
  A ribbon worm (D:3)
  11 orcs
  2 bats
  7 endoplasms
  2 giant cockroaches
  6 goblins
  4 hobgoblins
  3 jackals (D:3)
  6 kobolds
  8 ball pythons
  A frilled lizard (D:3)
60 creatures vanquished.

Notes
Turn   | Place    | Note
-------+----------+-------------------------------------------
     0 | D:1      | zazu2006 the Gnoll Wanderer began the quest for the Orb.
     0 | D:1      | zazu2006 set off with the following items: a +0 long sword,
                  | a +0 quarterstaff, a wand of flame (4), a potion of
                  | attraction, a +0 robe.
     0 | D:1      | Reached XP level 1. HP: 13/13 MP: 1/1
   186 | D:1      | Reached XP level 2. HP: 16/20 MP: 2/2
   412 | D:2      | Reached XP level 3. HP: 16/25 MP: 2/4
   558 | D:2      | Reached skill level 1 in Invocations
   688 | D:3      | Reached skill level 1 in Fighting
   688 | D:3      | Reached skill level 1 in Short Blades
   688 | D:3      | Reached skill level 1 in Axes
   688 | D:3      | Reached skill level 1 in Maces & Flails
   688 | D:3      | Reached skill level 1 in Polearms
   688 | D:3      | Reached skill level 1 in Ranged Weapons
   688 | D:3      | Reached skill level 1 in Throwing
   688 | D:3      | Reached skill level 1 in Armour
   688 | D:3      | Reached skill level 1 in Stealth
   688 | D:3      | Reached skill level 1 in Shields
   688 | D:3      | Reached skill level 1 in Unarmed Combat
   688 | D:3      | Reached skill level 1 in Spellcasting
   688 | D:3      | Reached skill level 1 in Shapeshifting
   688 | D:3      | Reached XP level 4. HP: 18/32 MP: 5/5
   765 | D:3      | Reached skill level 1 in Conjurations
   765 | D:3      | Reached skill level 1 in Hexes
   765 | D:3      | Reached skill level 1 in Summonings
   765 | D:3      | Reached skill level 1 in Necromancy
   765 | D:3      | Reached skill level 1 in Translocations
   765 | D:3      | Reached skill level 1 in Fire Magic
   765 | D:3      | Reached skill level 1 in Ice Magic
   765 | D:3      | Reached skill level 1 in Air Magic
   765 | D:3      | Reached skill level 1 in Earth Magic
   765 | D:3      | Reached skill level 1 in Alchemy
   854 | D:3      | Found an opulent altar of Gozag.
   856 | D:3      | Found a shadowy altar of Dithmenos.
   980 | D:4      | Noticed a phantom
   998 | D:4      | Killed a phantom
   999 | D:4      | Reached XP level 5. HP: 27/37 MP: 5/7
  1019 | D:4      | Noticed Natasha
  1023 | D:4      | Reached XP level 6. HP: 13/44 MP: 8/8
  1033 | D:4      | Killed Natasha
  1034 | D:4      | Reached skill level 5 in Long Blades
  1034 | D:4      | Reached skill level 5 in Evocations
  1151 | D:4      | Noticed Edmund
  1170 | D:4      | Noticed Eustachio
  1236 | D:3      | Slain by Eustachio

Illustrated notes

Levels and vault maps discovered:
D:1:      psy_arrival_whirlpool, layout_basic
D:2:      layout_rooms, serial_corexii_hall, chequers_hall_statues_wall_a,
          corexii_hall_statues_s, corexii_hall_statues_i,
          corexii_hall_statues_t, basic_altar, glass_columns_b
D:3:      layout_basic, chequers_temple_overflow_statue_of_worship
D:4:      layout_basic, serial_bayou, serial_bayou_shore_a, serial_bayou_pond_d,
          serial_bayou_pond_e, serial_bayou_lake_a, uniq_natasha,
          uniq_eustachio, uniq_edmund, uniq_duvessa

Skill      XL: |  1  2  3  4  5  6 |
---------------+-------------------+-----
Invocations    | 1 2 |  2.2
Fighting       | 1 2 |  2.0
Short Blades   | 1 2 |  2.0
Axes           | 1 2 |  2.0
Maces & Flails | 1 2 |  2.0
Polearms       | 1 2 |  2.0
Ranged Weapons | 1 2 |  2.0
Throwing       | 1 2 |  2.0
Armour         | 1 2 |  2.0
Stealth        | 1 2 |  2.0
Shields        | 1 2 |  2.0
Unarmed Combat | 1 2 |  2.0
Spellcasting   | 1 2 |  2.0
Shapeshifting  | 1 |  1.8
Conjurations   | 1 |  1.6
Hexes          | 1 |  1.6
Summonings     | 1 |  1.6
Necromancy     | 1 |  1.6
Translocations | 1 |  1.6
Fire Magic     | 1 |  1.6
Ice Magic      | 1 |  1.6
Air Magic      | 1 |  1.6
Earth Magic    | 1 |  1.6
Alchemy        | 1 |  1.6
Long Blades    | 5 |  5.0
Evocations     | 5 |  5.0
Staves         | |  6.8
Dodging        | |  6.8

Action                     |  1- 3 |  4- 6 || total
---------------------------+-------+-------++-------
  Melee: Long sword        |    67 |   143 ||   210
         Bite              |     3 |    16 ||    19
  Throw: Boomerang         |     3 |     3 ||     6
  Evoke: Wand              |       |     4 ||     4
    Use: Potion            |       |     7 ||     7
         Scroll            |       |     4 ||     4
   Stab: Sleeping          |     2 |     1 ||     3
 Armour: Robe              |     6 |       ||     6
         Leather armour    |    44 |   121 ||   165
  Dodge: Dodged            |    36 |   153 ||   189

Table legend: (Time is in decaauts)
 A = Elapsed time spent in this place.
 B = Non-inter-level travel time spent in this place.
 C = Inter-level travel time spent in this place.
 D = Time resting spent in this place.
 E = Time spent auto-exploring this place.
 F = Levels seen in this place.
 G = Mean time per level.
                   A        B        C        D        E       F      G
               +--------+--------+--------+--------+--------+-----+--------+
         Total |   1279 |   1226 |     53 |      0 |    328 |   4 |  319.8 |
       Dungeon |   1279 |   1226 |     53 |      0 |    328 |   4 |  319.8 |
               +--------+--------+--------+--------+--------+-----+--------+

Top non-repeatable levels by time:
     D:1: 394 daAuts
     D:4: 371 daAuts
     D:2: 277 daAuts
     D:3: 236 daAuts
